 Dungeon Crawl Stone Soup version 0.27-a0-1219-g958d993ae5 (webtiles) character file.

Game seed: 9895195053317612050

5740 polve the Schismatic (level 10, 0/87 HPs)
             Began as a Demonspawn Abyssal Knight on June 6, 2021.
             Was an Elder of Lugonu.
             Slain by Gastronok (32 damage)
             ... on level 8 of the Dungeon.
             The game lasted 00:08:37 (7203 turns).

polve the Schismatic (Demonspawn Abyssal Knight)    Turns: 7203, Time: 00:08:38

Health: 0/87       AC: 10    Str: 16    XL:     10   Next: 49%
Magic:  19/19      EV: 12    Int: 14    God:    Lugonu [****..]
Gold:   473        SH:  0    Dex: 12    Spells: 9/9 levels left

rFire    + + .     SeeInvis .   g - +1 short sword (speed)
rCold    x . .     Faith    .   (no shield)
rNeg     . . .     Spirit   .   r - +3 salamander hide armour {Flames rF++ rC--}
rPois    .         Reflect  .   (helmet restricted)
rElec    .         Harm     .   D - scarf {repulsion}
rCorr    .         Rampage  .   (no gloves)
Will     .....                  e - +0 pair of boots
Stlth    +.........             (no amulet)
HPRegen  0.24/turn              B - ring of protection from cold
MPRegen  0.16/turn              (no ring)

@: repel missiles
A: antennae 1, slimy green scales 2, ignite blood 2, powered by death 1
a: Renounce Religion, Depart the Abyss, Bend Space, Banish, Corrupt


You were on level 8 of the Dungeon.
You worshipped Lugonu.
Lugonu was greatly pleased with you.
You visited 1 branch of the dungeon, and saw 8 of its levels.
You visited the Abyss 1 time.
You also visited: Ossuary.

You collected 629 gold pieces.
You spent 156 gold pieces at shops.

Inventory:

Hand Weapons
 g - a +1 short sword of speed (weapon)
Missiles
 C - a curare-tipped dart
 E - 5 throwing nets
Armour
 a - a +0 chain mail
 e - a +0 pair of boots (worn)
 r - the +3 salamander hide armour (worn) {Flames rF++ rC--}
   (You found it on level 4 of the Dungeon)

   It surrounds you with a cloud of flames.
   It grants immunity to clouds of flame.
   It enhances your fire magic.
   It greatly protects you from fire.
   It makes you very vulnerable to cold.
 D - a scarf of repulsion (worn)
Jewellery
 B - a ring of protection from cold (left hand)
Wands
 u - a wand of mindburst (11)
 w - a wand of iceblast (8)
 z - a wand of polymorph (19)
 L - a wand of paralysis (11)
Scrolls
 b - a scroll of noise {unknown}
 c - a scroll of silence {unknown}
 d - 4 scrolls of teleportation {unknown}
 i - a scroll of enchant armour {unknown}
 j - 10 scrolls of identify {unknown}
 m - 4 scrolls of magic mapping {unknown}
 n - a scroll of vulnerability {unknown}
 o - 4 scrolls of acquirement {unknown}
 p - a scroll of enchant weapon {unknown}
 x - a scroll of fog {unknown}
 y - a scroll of summoning {unknown}
 F - 3 scrolls of fear {unknown}
 G - a scroll of amnesia {unknown}
Potions
 f - 2 potions of cancellation {unknown}
 h - a potion of resistance {unknown}
 k - 2 potions of heal wounds
 l - 2 potions of curing {unknown}
 q - a potion of magic {unknown}
 s - a potion of mutation {unknown}
 t - a potion of berserk rage {unknown}
 v - a potion of lignification {unknown}
 A - a potion of degeneration {unknown}
 H - a potion of brilliance {unknown}
 I - 4 potions of haste {unknown}
 J - 2 potions of attraction {unknown}
 K - a potion of might {unknown}


   Skills:
 + Level 11.0 Fighting
 - Level 4.0 Short Blades
 - Level 4.0 Armour
 - Level 4.0 Dodging
 - Level 12.0 Invocations


You had 9 spell levels left.
You didn't know any spells.
Your spell library was empty.

Dungeon Overview and Level Annotations

Branches:
Dungeon (8/15)             Temple (0/1) D:6         Ossuary (visited)
   Lair: D:8-11

Altars:
Elyvilon
Makhleb
Xom

Shops:
D:4 =   D:7 [

Annotations:
D:8 Gastronok


Innate Abilities, Weirdness & Mutations

You have a pair of small antennae on your head.
You are mostly covered in slimy green scales. (AC +3)
Your demonic aura often causes spilled blood to erupt in flames.
You regenerate a little health from kills.


Message History

Gastronok is moderately wounded.
You hit Gastronok.
Gastronok is moderately wounded.
Gastronok is engulfed in blazing flames.
Gastronok closely misses you.
You hit Gastronok but do no damage.
Gastronok is moderately wounded.
You hit Gastronok.
Gastronok is moderately wounded.
You hit Gastronok but do no damage.
Gastronok is moderately wounded.
Gastronok is engulfed in blazing flames.
Gastronok's eyestalks stretch out, then return to normal size.
You hit Gastronok but do no damage.
Gastronok is moderately wounded.
You puncture Gastronok!
Gastronok is heavily wounded.
You hit Gastronok.
Gastronok is heavily wounded.
Gastronok is engulfed in blazing flames.
Gastronok bites you!!
* * * LOW HITPOINT WARNING * * *
You hit Gastronok but do no damage.
Gastronok is heavily wounded.
You hit Gastronok.
Gastronok is heavily wounded.
You puncture Gastronok!
Gastronok is heavily wounded.
You completely miss Gastronok.
Gastronok is heavily wounded.
Gastronok is engulfed in blazing flames.
Gastronok gurgles, "You're how I like my food.
Fast!"
Gastronok bites you!
* * * LOW HITPOINT WARNING * * *
You feel much better.
You hit Gastronok but do no damage.
Gastronok is severely wounded.
Gastronok is engulfed in blazing flames.
Gastronok bites you!!
You die...

#.# #.# #.# #.# #.# #.# #.#
######### #w# #.......#
#####@#######.#####.#
#...○☼○...>......##.#
#########.###.#######.##.##.#
#.........##...## #.##.##.#
#.#########.....# #.......#
#.# ##...## ####....# #.#
##.## ####.# #.# #.# #.#
#.####### #.# #.#


You could see Gastronok.

Vanquished Creatures
  Harold (D:8)
  Prince Ribbit (D:6)
  Eustachio (D:5)
  5 yaks (D:8)
  2 steam dragons
  Grum (D:8)
  Edmund (D:5)
  3 water moccasins
  An ice beast (D:8)
  4 sky beasts
  A necrophage (D:6)
  An ogre (D:6)
  4 wolves (D:8)
  2 centaurs (D:6)
  2 phantoms
  A kobold brigand (D:8)
  A scorpion (D:5)
  2 bullfrogs
  A wyvern skeleton (D:5)
  A water moccasin skeleton (D:7)
  15 wights
  4 crimson imps
  3 centaur zombies
  A jelly (D:5)
  5 orc priests
  A bullfrog skeleton (D:5)
  3 hounds
  A gnoll shaman (D:3)
  Ijyb (D:5)
  2 iguanas
  4 orc wizards
  A hound zombie (Ossuary)
  4 mummies (Ossuary)
  A howler monkey zombie (D:6)
  3 gnolls
  4 adders
  An adder skeleton (D:4)
  4 adder zombies
  A worm (D:3)
  A dart slug (D:3)
  17 orcs
  7 ball pythons
  6 bats
  5 endoplasms
  4 giant cockroaches
  4 goblins
  10 hobgoblins
  2 jackals (D:1)
  6 kobolds
  5 quokkas
  3 frilled lizards
  2 hobgoblin zombies (Ossuary)
  3 jackal zombies (Ossuary)
  2 kobold zombies (Ossuary)
  An orc zombie (Ossuary)
  6 rats
179 creatures vanquished.

Vanquished Creatures (others)
  A quokka (D:5)
  2 plants (D:2)
3 creatures vanquished.

Grand Total: 182 creatures vanquished

Notes
Turn   | Place    | Note
-------+----------+-------------------------------------------
     0 | Abyss:1  | polve the Demonspawn Abyssal Knight began the quest for the
                  | Orb.
     0 | Abyss:1  | Reached XP level 1. HP: 18/18 MP: 2/2
    47 | Abyss:1  | Found a corrupted altar of Lugonu.
    89 | Abyss:1  | Noticed a lich
    97 | D:1      | Escaped the Abyss
   418 | D:1      | Reached * piety under Lugonu
   424 | D:1      | Gained mutation: You are partially covered in slimy green
                  | scales. (AC +2) [demonic ancestry]
   424 | D:1      | Reached XP level 2. HP: 23/24 MP: 3/3
  1049 | D:1      | Gained mutation: You have a pair of small antennae on your
                  | head. [demonic ancestry]
  1049 | D:1      | Reached XP level 3. HP: 25/29 MP: 4/4
  1598 | D:2      | Found a faded altar of an unknown god.
  2147 | D:3      | Found a burning altar of Makhleb.
  2185 | D:3      | Reached ** piety under Lugonu
  2186 | D:3      | Gained mutation: You are mostly covered in slimy green
                  | scales. (AC +3) [demonic ancestry]
  2186 | D:3      | Reached XP level 4. HP: 28/33 MP: 5/5
  2499 | D:4      | Noticed a phantom
  2543 | D:3      | Killed a phantom
  2544 | D:3      | Gained mutation: Your demonic aura sometimes causes spilled
                  | blood to erupt in flames. [demonic ancestry]
  2544 | D:3      | Reached XP level 5. HP: 20/43 MP: 6/6
  3062 | D:3      | Reached skill level 5 in Fighting
  3345 | D:4      | Gained mutation: You regenerate a little health from kills.
                  | [demonic ancestry]
  3345 | D:4      | Reached XP level 6. HP: 51/51 MP: 7/7
  3444 | D:4      | Found the +3 salamander hide armour {Flames rF++ rC--}
  3480 | D:4      | Found Acefey's Jewellery Boutique.
  3686 | D:5      | Entered Level 5 of the Dungeon
  3689 | D:5      | Reached skill level 1 in Dodging
  3750 | D:5      | Noticed Eustachio
  3756 | D:5      | Killed Eustachio
  3757 | D:5      | Reached XP level 7. HP: 46/58 MP: 8/8
  3890 | D:5      | Noticed Edmund
  3897 | D:5      | Killed Edmund
  4173 | D:5      | Noticed Ijyb
  4179 | D:5      | Killed Ijyb
  4567 | D:6      | Reached XP level 8. HP: 56/65 MP: 9/9
  4758 | D:6      | Reached *** piety under Lugonu
  5067 | D:6      | Found a staircase to the Ecumenical Temple.
  5155 | D:6      | Noticed Prince Ribbit
  5164 | D:6      | Killed Prince Ribbit
  5494 | D:7      | Reached XP level 9. HP: 78/78 MP: 10/10
  5499 | D:7      | Reached skill level 10 in Fighting
  5499 | D:7      | Reached skill level 3 in Invocations
  5568 | D:7      | Reached skill level 4 in Invocations
  5578 | D:7      | Reached skill level 5 in Invocations
  5650 | D:7      | Reached skill level 6 in Invocations
  5773 | D:7      | Found Begraoz's Armour Shop.
  5782 | D:7      | Bought a scarf of repulsion for 156 gold pieces
  5883 | D:8      | Reached skill level 7 in Invocations
  5984 | D:8      | Found a shimmering altar of Xom.
  5988 | D:8      | Noticed Harold
  5997 | D:8      | Killed Harold
  5998 | D:8      | Reached skill level 10 in Invocations
  6042 | D:7      | Reached **** piety under Lugonu
  6326 | D:8      | Gained mutation: Your demonic aura often causes spilled
                  | blood to erupt in flames. [demonic ancestry]
  6326 | D:8      | Reached XP level 10. HP: 85/85 MP: 18/18
  6505 | D:8      | Found a sand-covered staircase.
  6513 | D:8      | Reached skill level 11 in Invocations
  6531 | D:8      | Reached skill level 12 in Invocations
  6541 | Ossuary  | Entered an ossuary
  6935 | D:8      | Noticed Grum
  6942 | D:8      | Killed Grum
  7169 | D:8      | Noticed Gastronok
  7203 | D:8      | Slain by Gastronok

Illustrated notes

Levels and vault maps discovered:
D:1:      lightli_arrival_isolated_outpost, layout_loops_ring,
          minmay_heptomino_h4
D:2:      layout_basic, hellmonk_ecumenical_altar_lost_god, serial_bayou_pond_e
D:3:      layout_rooms, general_overflow_altar
D:4:      layout_basic, minmay_shop_enchanted_jewellery, minmay_misc_feat_tiny
D:5:      layout_loops_ring, elyvilon_altar_4, kennysheep_pointless_box,
          hangedman_abyss_or_decor_passed, uniq_eustachio, uniq_ijyb,
          uniq_edmund
D:6:      layout_basic, temple_green, uniq_prince_ribbit1
D:7:      layout_rooms, serial_shops, nicolae_shop_trees, minivault_4,
          minmay_misc_feat_columns
D:8:      layout_loops_corners, led_xom_imps, enter_ossuary_3, uniq_psyche,
          uniq_grum, uniq_gastronok, uniq_harold

Skill      XL: |  1  2  3  4  5  6  7  8  9 10 |
---------------+-------------------------------+-----
Short Blades   | 2 3 4 |  4.0
Fighting       | 4 5 6 9 10 11 | 11.0
Dodging        | 2 4 |  4.0
Armour         | 2 4 |  4.0
Invocations    | 10 12 | 12.0

Action                   |  1- 3 |  4- 6 |  7- 9 | 10-12 || total
-------------------------+-------+-------+-------+-------++-------
Melee: Short sword       |   159 |   172 |   159 |    59 ||   549
Invok: Depart the Abyss  |     1 |       |       |       ||     1
  Use: Potion            |       |       |     1 |     1 ||     2
 Stab: Sleeping          |     1 |     1 |       |       ||     2
Armor: Leather armour    |    39 |       |    56 |     5 ||   100
       Chain mail        |     2 |    57 |       |       ||    59
Dodge: Dodged            |    72 |    43 |    61 |    25 ||   201

Table legend: (Time is in decaauts)
 A = Elapsed time spent in this place.
 B = Non-inter-level travel time spent in this place.
 C = Inter-level travel time spent in this place.
 D = Time resting spent in this place.
 E = Time spent auto-exploring this place.
 F = Levels seen in this place.
 G = Mean time per level.
                   A        B        C        D        E       F      G
               +--------+--------+--------+--------+--------+-----+--------+
         Total |   7017 |   6774 |    243 |     11 |   5710 |  10 |  701.7 |
       Dungeon |   6743 |   6500 |    243 |     11 |   5498 |   8 |  842.9 |
         Abyss |     97 |     97 |      0 |      0 |     88 |   1 |   97.0 |
       Ossuary |    176 |    176 |      0 |      0 |    124 |   1 |  176.0 |
               +--------+--------+--------+--------+--------+-----+--------+

Top non-repeatable levels by time:
     D:1: 1036 daAuts
     D:6: 1009 daAuts
     D:3: 888 daAuts
     D:8: 861 daAuts
     D:2: 847 daAuts
     D:5: 751 daAuts
     D:4: 719 daAuts
     D:7: 628 daAuts
 Ossuary: 176 daAuts
 Abyss:1: 97 daAuts
